 Dungeon Crawl Stone Soup version 0.31-a0-819-gf6de2f5ab6 (webtiles) character file.

Game seed: 16490287047340289959

7397 Dirtsage the Cleaver (level 10, -1/80 HPs)
             Began as a Demonspawn Fighter on Sept 23, 2023.
             Was an Initiate of Gozag.
             Slain by an orc wizard
             ... wielding a +0 dagger of electrocution
              (10 damage)
             ... on level 10 of the Dungeon.
             The game lasted 00:12:39 (7799 turns).

Dirtsage the Cleaver (Demonspawn Fighter)           Turns: 7799, Time: 00:12:40

Health: -1/80      AC: 29    Str: 21    XL:     10   Next: 92%
Magic:  10/10      EV:  8    Int: 10    God:    Gozag
Gold:   2661       SH:  4    Dex: 12    Spells: 7/9 levels left

rFire   + . .        M - +1 war axe
rCold   . . .        c - +0 buckler
rNeg    . . .        q - +2 chain mail {rPois}
rPois   +            (no helmet)
rElec   .            j - +0 cloak
rCorr   .            R - +2 pair of gloves
SInv    .            (no boots)
Will    .....        r - amulet of regeneration Stlth
                     F - ring of protection from fire
HPRegen 1.13/turn    (no ring)
MPRegen 0.24/turn

%: no passive effects
@: sanguine armoured
A: demonic guardian 1, magic regeneration, sanguine armour 3
a: Renounce Religion, Potion Petition, Call Merchant, Bribe Branch


You were on level 10 of the Dungeon.
You worshipped Gozag.
Gozag was most pleased with you.
You visited 2 branches of the dungeon, and saw 11 of its levels.
You also visited: Ossuary.

You collected 2707 gold pieces.
You paid 46 gold pieces to Gozag.

Inventory:

Hand Weapons
 M - a +1 war axe (weapon)
 O - a +4 mace of freezing
Missiles
 J - 2 curare-tipped darts
 L - 5 silver javelins
 N - a throwing net
Armour
 c - a +0 buckler (worn)
 j - a +0 cloak (worn)
 q - a +2 chain mail of poison resistance (worn)
 v - a +0 pair of gloves
 z - the +2 robe "Wackoete" {rN+ Regen+ Int+4 Dex-3}
   (You found it on level 5 of the Dungeon)

   Int+4:     It affects your intelligence (+4).
   Dex-3:     It affects your dexterity (-3).
   rN+:       It protects you from negative energy.
   Regen+:    It increases your rate of health regeneration.
 R - a +2 pair of gloves (worn)
Magical Staves
 g - a staff of conjuration
 P - a staff of fire
Jewellery
 r - an amulet of regeneration (around neck)
 u - an amulet of magic regeneration
 F - a ring of protection from fire (left hand)
 I - a ring of protection from cold
 S - a ring of fire
Wands
 x - a wand of acid (7)
 y - a wand of paralysis (13)
 T - a wand of mindburst (7)
Scrolls
 e - 4 scrolls of enchant armour
 h - 3 scrolls of fog
 i - 6 scrolls of identify
 l - a scroll of torment {unknown}
 m - 4 scrolls of noise
 n - 3 scrolls of poison
 o - 3 scrolls of amnesia
 p - a scroll of brand weapon
 s - 2 scrolls of enchant weapon
 t - 9 scrolls of teleportation
 w - a scroll of fear {unknown}
 Q - a scroll of vulnerability {unknown}
 U - a scroll of revelation {unknown}
Potions
 a - a potion of attraction {unknown}
 b - 2 potions of cancellation {unknown}
 d - 5 potions of might
 f - 2 potions of degeneration {unknown}
 k - 7 potions of curing {unknown}
 A - 2 potions of mutation {unknown}
 B - 4 potions of haste {unknown}
 C - 2 potions of magic {unknown}
 D - a potion of enlightenment {unknown}
 E - 2 potions of heal wounds {unknown}
 G - a potion of brilliance {unknown}
 H - 2 potions of lignification {unknown}
 K - a potion of berserk rage {unknown}


   Skills:
 + Level 8.1 Fighting
 * Level 11.0 Axes
 + Level 7.3 Armour
 - Level 2.6 Shields
 + Level 5.3 Transmutations


You had 7 spell levels left.
You knew the following spells:

 Your Spells              Type           Power      Damage    Failure   Level
a - Wereblood             Tmut           10%        N/A       43%         2

Your spell library contained the following spells:

 Spells                   Type           Power      Damage    Failure   Level
 Foxfire                  Conj/Fire      0%         2x1d4     95%         1
 Magic Dart               Conj           0%         1d3       95%         1
 Summon Small Mammal      Summ           0%         N/A       95%         1
 Call Imp                 Summ           0%         N/A       99%         2
 Poisonous Vapours        Pois/Air       0%         N/A       99%         2
 Sublimation of Blood     Necr           0%         N/A       99%         2
 Call Canine Familiar     Summ           0%         N/A       100%        3
 Mephitic Cloud           Conj/Pois/Air  0%         N/A       100%        3
 Sigil of Binding         Hex            0%         N/A       100%        3
 Summon Guardian Golem    Hex/Summ       0%         N/A       100%        3
 Dimensional Bullseye     Hex/Tloc       0%         N/A       100%        4
 Leda's Liquefaction      Hex/Erth       0%         N/A       100%        4
 Olgreb's Toxic Radiance  Pois           0%         N/A       100%        4
 Freezing Cloud           Conj/Ice/Air   0%         6-21      100%        5
 Plasma Beam              Fire/Air       0%         2x1d10    100%        6
 Starburst                Conj/Fire      0%         6d3       100%        6
 Summon Hydra             Summ           0%         N/A       100%        7
 Discord                  Hex            0%         N/A       100%        8
 Ignition                 Fire           0%         3d3       100%        8


Dungeon Overview and Level Annotations

Branches:
Dungeon (10/15)            Temple (1/1) D:7             Orc (0/2) D:9
Ossuary (visited)
   Lair: D:8-11

Altars:
Ashenzari
Cheibriados
Dithmenos
Fedhas
Gozag
Hepliaklqana
Kikubaaqudgha
Makhleb
Nemelex Xobeh
Okawaru
Qazlal
Ru
Sif Muna
Trog
Uskayaw
Vehumet
Wu Jian
Xom
Yredelemnul

Shops:
D:1 [

Annotations:
Temple 2 transporters


Innate Abilities, Weirdness & Mutations

A weak demonic guardian rushes to your aid.
You regenerate magic rapidly.
When seriously injured, your blood forms very thick armour. (AC +12)


Message History

The orc wizard is no longer distracted by gold.
The orc warrior hits you with a +0 trident.
* * * LOW HITPOINT WARNING * * *
You take 4 damage, and have 9/80 hp.
The orc wizard hits you but does no damage.
The orc wizard casts a spell.
The orc wizard flickers and vanishes!
Deactivating autopickup; reactivate with Ctrl-A.
The orc warrior hits you but does no damage.
You hit the orc wizard but do no damage.
You hit the orc warrior but do no damage.
The orc wizard hits you but does no damage.
The orc warrior hits you but does no damage.
You hit the orc wizard.
The orc wizard is lightly wounded.
You hit the orc warrior but do no damage.
Your white imp closely misses the orc warrior.
The orc wizard is distracted by your dazzling golden aura.
The orc warrior hits you with a +0 trident.
* * * LOW HITPOINT WARNING * * *
The orc wizard shouts!
You take 5 damage, and have 6/80 hp.
You barely miss the orc wizard.
The orc wizard is no longer distracted by gold.
The orc wizard is lightly wounded.
You hit the orc warrior.
Your white imp hits the orc warrior but does no damage.
The orc wizard casts a spell at you.
You easily resist.
The orc warrior hits you but does no damage.
You regained 2 hp, and now have 8/80 hp.
You barely miss the orc wizard.
The orc wizard is lightly wounded.
You hit the orc warrior but do no damage.
You miss something.
Your white imp barely misses the orc warrior.
The orc wizard hits you but does no damage.
You are electrocuted!
You die...
Your body crumbles into a pile of gold.

#........####.
........................
........................
........................
........................
........................
........................
........o...............
......o@5.$.............
..........$..$..........
.........$$$............
........................
.............#..........
........................
...................!....
........................
....................


You could see an orc warrior (ally target), an orc wizard and a friendly white
imp (summoned).

Vanquished Creatures
  2 two-headed ogres
  A kobold demonologist (D:7)
  A troll (D:10)
  Prince Ribbit (D:8)
  Grinder (D:5)
  A hornet (D:9)
  2 shadows
  A wraith (D:10)
  4 steam dragons
  Edmund (D:6)
  2 water moccasins
  Duvessa (D:5)
  A sky beast (D:8)
  3 centaurs
  An ogre (D:4)
  4 wolves (D:10)
  2 phantoms (D:9)
  3 kobold brigands
  2 bullfrogs
  3 scorpions
  11 wights
  Dowan (D:5)
  A troll zombie (D:9)
  6 howler monkeys
  2 jellies
  A gnoll bouda (D:6)
  3 orc priests
  5 hounds
  Jessica (D:3)
  Natasha (D:3)
  A sleepcap (D:4)
  2 iguanas (D:5)
  4 orc wizards
  6 ogre zombies (D:9)
  9 mummies
  8 gnolls
  8 adders
  A shadow imp (D:6)
  3 white imps
  A worm (D:2)
  5 dart slugs
  23 orcs
  5 ball pythons
  6 endoplasms
  8 giant cockroaches
  2 gnoll zombies (Ossuary)
  12 goblins
  6 hobgoblins
  2 jackals (D:5)
  12 quokkas
  4 bats
  3 frilled lizards
  A goblin skeleton (D:9)
  2 hobgoblin skeletons (D:9)
  6 hobgoblin zombies
  12 kobolds
  A kobold zombie (Ossuary)
  An orc skeleton (D:9)
  18 orc zombies
  3 rats
244 creatures vanquished.

Vanquished Creatures (collateral kills)
  Grum (D:10)
  The ghost of MackTheKnife the Magician, an amateur SpWn (D:5)
  A kobold brigand (D:7)
  An orc priest (D:6)
  A gnoll bouda (D:5)
  An ogre zombie (D:9)
  An adder (D:5)
  A goblin zombie (D:9)
  An orc skeleton (D:9)
9 creatures vanquished.

Vanquished Creatures (others)
  An orc priest (D:9)
  An orc wizard (D:8)
  A kobold (D:9)
3 creatures vanquished.

Grand Total: 256 creatures vanquished

Notes
Turn   | Place    | Note
-------+----------+-------------------------------------------
     0 | D:1      | Dirtsage the Demonspawn Fighter began the quest for the
                  | Orb.
     0 | D:1      | Reached XP level 1. HP: 18/18 MP: 1/1
    42 | D:1      | Reached skill level 2 in Axes
    49 | D:1      | Gained mutation: When seriously injured, your blood forms
                  | armour. (AC +12) [demonic ancestry]
    49 | D:1      | Reached XP level 2. HP: 24/24 MP: 2/2
   171 | D:1      | Found Catuw's Antique Armour Emporium.
   241 | D:1      | Reached skill level 3 in Axes
   385 | D:1      | Gained mutation: When seriously injured, your blood forms
                  | thick armour. (AC +12) [demonic ancestry]
   385 | D:1      | Reached XP level 3. HP: 29/29 MP: 3/3
   481 | D:1      | Found a faded altar of an unknown god.
  1132 | D:2      | Reached XP level 4. HP: 35/35 MP: 4/4
  1151 | D:2      | Reached skill level 4 in Axes
  1554 | D:3      | Noticed Jessica
  1559 | D:3      | Killed Jessica
  1905 | D:3      | Gained mutation: A weak demonic guardian rushes to your
                  | aid. [demonic ancestry]
  1905 | D:3      | Reached XP level 5. HP: 41/41 MP: 5/5
  1974 | D:3      | Noticed Natasha
  1978 | D:3      | Killed Natasha
  1979 | D:3      | Reached skill level 5 in Axes
  2550 | D:4      | Gained mutation: When seriously injured, your blood forms
                  | very thick armour. (AC +12) [demonic ancestry]
  2550 | D:4      | Reached XP level 6. HP: 47/47 MP: 6/6
  2553 | D:4      | Found a shimmering blue altar of Sif Muna.
  2714 | D:4      | Found an opulent altar of Gozag.
  2717 | D:4      | Found a basalt altar of Yredelemnul.
  2720 | D:4      | Found a stormy altar of Qazlal.
  2723 | D:4      | Found a bloodstained altar of Trog.
  2729 | D:4      | Became a worshipper of Gozag Ym Sagoz the Greedy
  2913 | D:5      | Entered Level 5 of the Dungeon
  2965 | D:5      | Found a runed translucent door.
  2965 | D:5      | Noticed Grinder
  2969 | D:5      | Paralysed by Grinder for 4 turns
  2983 | D:5      | Killed Grinder
  2984 | D:5      | Reached skill level 6 in Axes
  2984 | D:5      | Reached XP level 7. HP: 53/54 MP: 7/7
  3039 | D:5      | Identified the +2 robe "Wackoete" {rN+ Regen+ Int+4 Dex-3}
  3202 | D:5      | Found a shadowy altar of Dithmenos.
  3253 | D:5      | Found a sand-covered staircase.
  3267 | Ossuary  | Entered an ossuary
  3378 | Ossuary  | Reached skill level 7 in Axes
  3536 | D:5      | Noticed MackTheKnife's ghost (amateur SpWn)
  3553 | D:5      | Identified a scroll of acquirement
  3556 | D:5      | Acquired 867 gold pieces
  3679 | D:5      | Found a sparkling altar of Nemelex Xobeh.
  3722 | D:5      | Noticed Duvessa
  3722 | D:5      | Noticed Dowan
  3733 | D:5      | Killed Duvessa
  3734 | D:5      | Reached XP level 8. HP: 61/61 MP: 8/8
  3746 | D:5      | Killed Dowan
  3830 | D:5      | Reached skill level 5 in Fighting
  4043 | D:5      | Learned a level 2 spell: Wereblood
  4164 | D:5      | Killed MackTheKnife's ghost
  4440 | D:6      | Noticed Edmund
  4452 | D:6      | Killed Edmund
  4453 | D:6      | Reached skill level 5 in Armour
  4453 | D:6      | Reached skill level 1 in Transmutations
  4690 | D:6      | Reached skill level 8 in Axes
  5023 | D:6      | Reached XP level 9. HP: 49/69 MP: 9/9
  5194 | D:7      | Noticed a kobold demonologist
  5197 | D:7      | Noticed an orange demon
  5209 | D:7      | Noticed a red devil
  5213 | D:7      | Killed a kobold demonologist
  5317 | D:7      | Reached skill level 9 in Axes
  5347 | D:7      | Found a burning altar of Makhleb.
  5760 | D:7      | Found a hide-covered altar of Uskayaw.
  5761 | D:7      | Found a sacrificial altar of Ru.
  5826 | D:7      | Found an iron altar of Okawaru.
  5952 | D:8      | Noticed Prince Ribbit
  5956 | D:8      | Noticed a two-headed ogre
  5960 | D:8      | Killed Prince Ribbit
  5974 | D:8      | Killed a two-headed ogre
  5975 | D:8      | Gained mutation: You regenerate magic rapidly. [demonic
                  | ancestry]
  5975 | D:8      | Reached XP level 10. HP: 18/79 MP: 10/10
  6080 | D:8      | Found a snail-covered altar of Cheibriados.
  6564 | D:7      | Found a staircase to the Ecumenical Temple.
  6577 | Temple   | Found a transporter.
  6577 | Temple   | Found a transporter.
  6577 | Temple   | Found a transporter.
  6577 | Temple   | Found a transporter.
  6577 | Temple   | Entered the Ecumenical Temple
  6619 | D:9      | Reached skill level 10 in Axes
  6774 | D:9      | Found a staircase to the Orcish Mines.
  7606 | D:10     | Entered Level 10 of the Dungeon
  7732 | D:10     | Reached skill level 5 in Transmutations
  7764 | D:10     | Noticed a two-headed ogre
  7765 | D:10     | Noticed Grum
  7780 | D:10     | Killed a two-headed ogre
  7792 | D:10     | Killed Grum
  7793 | D:10     | Reached skill level 11 in Axes
  7799 | D:10     | Slain by an orc wizard

Illustrated notes

Levels and vault maps discovered:
D:1:      mrwooster_arrival_statue_2, layout_loops_ring,
          shapermc_ecumenical_altar_venn, serial_shops, shop
D:2:      layout_loops_ring, serial_bayou, serial_bayou_shore_a,
          serial_bayou_pond_e, serial_bayou_crossing, serial_bayou_ford_a
D:3:      layout_loops_corners, uniq_jessica, uniq_natasha
D:4:      layout_rooms, mainiacjoe_overflow_brackets,
          grunt_temple_overflow_cloverleaf
D:5:      layout_basic, nemelex_spade_bored_becter, kennysheep_little_box,
          ebering_ghost_reflecting_pool, gup_ossuary_entry_pyramid,
          uniq_grinder, uniq_duvessa
D:6:      layout_loops_corners, uniq_edmund
D:7:      layout_cave_pools, lemuel_tele_altar, mainiacjoe_overflow_alcove_1,
          minitemple, minmay_temple_entry_from_below_b, grunt_ministairs_11
D:8:      layout_cave_pools, mainiacjoe_overflow_boulevard, bh_walls_and_bars,
          uniq_prince_ribbit1
D:9:      layout_basic, zombieorc2_lemuel, st_stairs_14
D:10:     layout_layer_cave, uniq_grum
Temple:   hellmonk_temple_divided_pantheon

Skill      XL: |  1  2  3  4  5  6  7  8  9 10 |
---------------+-------------------------------+-----
Axes           | 2 3 4 5 6 7 8 9 11 | 11.0
Armour         | 3 4 5 6 7 |  7.3
Fighting       | 4 5 7 8 |  8.1
Transmutations | 2 4 5 |  5.3
Shields        | |  2.6

Action                     |  1- 3 |  4- 6 |  7- 9 | 10-12 || total
---------------------------+-------+-------+-------+-------++-------
  Melee: War axe           |   112 |   155 |   350 |   195 ||   812
  Evoke: Wand              |       |       |     2 |       ||     2
    Use: Scroll            |       |       |    10 |       ||    10
   Stab: Distracted        |       |       |     2 |     3 ||     5
         Paralysed         |       |       |     8 |       ||     8
 Armour: Scale mail        |    87 |    98 |    16 |       ||   201
         Robe              |       |       |   283 |   146 ||   429
         Chain mail        |       |       |       |    52 ||    52
  Dodge: Dodged            |    47 |    69 |   199 |   132 ||   447
  Block: Buckler           |    35 |    34 |    82 |    51 ||   202

Table legend: (Time is in decaauts)
 A = Elapsed time spent in this place.
 B = Non-inter-level travel time spent in this place.
 C = Inter-level travel time spent in this place.
 D = Time resting spent in this place.
 E = Time spent auto-exploring this place.
 F = Levels seen in this place.
 G = Mean time per level.
                   A        B        C        D        E       F      G
               +--------+--------+--------+--------+--------+-----+--------+
         Total |   7987 |   7644 |    343 |      0 |   5775 |  12 |  665.6 |
       Dungeon |   7728 |   7385 |    343 |      0 |   5639 |  10 |  772.8 |
        Temple |      1 |      1 |      0 |      0 |      0 |   1 |    1.0 |
       Ossuary |    257 |    257 |      0 |      0 |    136 |   1 |  257.0 |
               +--------+--------+--------+--------+--------+-----+--------+

Top non-repeatable levels by time:
     D:5: 1070 daAuts
     D:9: 1001 daAuts
     D:6: 952 daAuts
     D:3: 882 daAuts
     D:1: 849 daAuts
     D:7: 828 daAuts
     D:2: 787 daAuts
     D:8: 645 daAuts
     D:4: 506 daAuts
 Ossuary: 257 daAuts
    D:10: 202 daAuts
  Temple: 1 daAuts
